 Dungeon Crawl Stone Soup version 0.28.0-49-g6dfe1f597d (webtiles) character file.

Game seed: 1645938976221890947

3 Exodus22XD the Sneak (level 1, 10/10 HPs)
             Began as a Kobold Enchanter on May 15, 2022.
             Was a Follower of Sif Muna.
             Quit the game on level 1 of the Dungeon.
             The game lasted 00:00:14 (144 turns).

Exodus22XD the Sneak (Kobold Enchanter)              Turns: 144, Time: 00:00:14

Health: 10/10      AC:  2    Str:  5    XL:     1   Next: 55%
Magic:  3/3        EV: 15    Int: 16    God:    Sif Muna [*.....]
Gold:   28         SH:  0    Dex: 15    Spells: 4/4 levels left

rFire   . . .      SeeInvis .   a - +1 dagger
rCold   . . .      Faith    .   (no shield)
rNeg    . . .      Spirit   .   b - +0 robe
rPois   .          Reflect  .   (no helmet)
rElec   .          Harm     .   (no cloak)
rCorr   .          Rampage  .   (no gloves)
Will    .....                   (no boots)
Stlth   ++++......              (no amulet)
HPRegen 0.03/turn               (no ring)
MPRegen 0.08/turn               (no ring)

@: no status effects
A: small, no large weapons, nightstalker 3
a: Renounce Religion, Channel Magic


You were on level 1 of the Dungeon.
You worshipped Sif Muna.
Sif Muna was aware of your devotion.
You visited 1 branch of the dungeon, and saw 1 of its levels.

You collected 28 gold pieces.

Inventory:

Hand Weapons
 a - a +1 dagger (weapon)
Armour
 b - a +0 robe (worn)
Jewellery
 d - a ring of wizardry
Potions
 c - a potion of invisibility


   Skills:
 - Level 1.3 Short Blades
 - Level 2.4 Dodging
 + Level 4.4 Stealth
 - Level 2.1 Spellcasting
 - Level 3.0 Hexes


You had 4 spell levels left.
You didn't know any spells.
Your spell library contained the following spells:

 Spells                   Type           Power      Damage    Failure   Level
 Ensorcelled Hibernation  Hex/Ice        12%        N/A       17%         2
 Confusing Touch          Hex            11%        N/A       19%         3
 Tukima's Dance           Hex            11%        N/A       19%         3
 Dazzling Flash           Conj/Hex       12%        N/A       32%         3


Dungeon Overview and Level Annotations

Branches:
Dungeon (1/15)

Altars:
Sif Muna


Innate Abilities, Weirdness & Mutations

You are small and have problems with some larger weapons.
You are completely attuned to the shadows.


Message History

There is an open door here.
You open the door.
There is an open door here.
A kobold comes into view. It is wielding a +0 short sword.
Found a stone staircase leading down.
Found 16 gold pieces.
A kobold is nearby!
Found a stone staircase leading down.
The helpless kobold fails to defend itself.
You puncture the kobold!
You kill the kobold!
No target in view!
Things that are here:
a +0 short sword; a stone; a kobold corpse No target in view!
You now have 16 gold pieces.
You now have 28 gold pieces (gained 12).
A quokka comes into view.
A quokka is nearby!
A quokka is nearby!
The helpless quokka fails to defend itself.
You puncture the quokka!
You kill the quokka!
A hobgoblin comes into view.
The helpless hobgoblin fails to defend itself.
You puncture the hobgoblin!
You kill the hobgoblin!
d - a ring of wizardry You open the door.
Found a faded altar of an unknown god.
There is an open door here.
Found a war axe.
There is a faded altar of an unknown god here.
You cannot tell which god this altar belongs to.
Convert to them anyway?
Sif Muna accepts your prayer! Sif Muna welcomes you!
You can now call upon Sif Muna for magical energy.
Are you sure you want to abandon this character and quit the game? (Confirm with "yes".)
Okay, then.
Are you sure you want to abandon this character and quit the game? (Confirm with "yes".)

#..................####.#
#######.###...>.........#
#.# #......######## #.#
#..8)8.# #.####.#+#.###
#.##...#.#...##
#.##.###.###..####### #
#.##.#8...8#........#.#
#.##.#).@..#.#####....#
#....#8...8#.......#..#
#....###.###..####...##
##.#...#.#...## ##.##
.......#'#.### .#
######.8.8..### .#
#......... ##########


There were no monsters in sight!

Vanquished Creatures
  A hobgoblin (D:1)
  A quokka (D:1)
  A kobold (D:1)
3 creatures vanquished.

Notes
Turn   | Place    | Note
-------+----------+-------------------------------------------
     0 | D:1      | Exodus22XD the Kobold Enchanter began the quest for the
                  | Orb.
     0 | D:1      | Reached XP level 1. HP: 10/10 MP: 3/3
   138 | D:1      | Found a faded altar of an unknown god.
   143 | D:1      | Prayed at the altar of an unknown god.
   143 | D:1      | Became a worshipper of Sif Muna the Loreminder
   143 | D:1      | Reached * piety under Sif Muna
   144 | D:1      | Quit the game

Illustrated notes

Levels and vault maps discovered:
D:1:      dpeg_arrival_yet_another_circle, layout_loops_ring,
          dreamdust_ecumenical_altar_angels_and_demons

Action                   || total
-------------------------++-------
Melee: Dagger            ||     3
 Stab: Sleeping          ||     3
